 Dungeon Crawl Stone Soup version 0.32-a0-818-gb728d0252e (webtiles) character file.

Game seed: 15081554637796608663

7351 Morbidden the Blocker (level 10, -4/83 HPs)
             Began as a Black Draconian Shapeshifter on Mar 24, 2024.
             Was a High Priest of Cheibriados.
             Slain by Snorg (15 damage)
             ... on level 10 of the Dungeon.
             The game lasted 00:13:01 (7909 turns).

Morbidden the Blocker (DrSh)                        Turns: 7909, Time: 00:13:01

Health: -4/83      AC:  7    Str: 27    XL:     10   Next: 91%
Magic:  17/17      EV: 15    Int: 26    God:    Cheibriados [*****.]
Gold:   460        SH: 25    Dex: 28    Spells: 11/19 levels left

rFire   . . .        b - +3 dagger (venom)
rCold   . . .        p - +1 tower shield
rNeg    . . .        (body armour unavailable)
rPois   .            (helmet currently unavailable)
rElec   +            (cloak currently unavailable)
rCorr   .            (gloves currently unavailable)
SInv    .            (boots currently unavailable)
Will    +....        x - amulet of reflection
Stlth   +++          w - +6 ring of dexterity
HPRegen 0.33/turn    M - ring of willpower
MPRegen 0.15/turn

%: reflection
@: beast-form, very slow
A: beast (slay +3), galvanic breath, AC +7, unfitting armour, electricity
resistance, cold-blooded
a: Galvanic Breath, Begin Untransformation, Renounce Religion, Bend Time,
Temporal Distortion, Slouch, Step From Time


You were on level 10 of the Dungeon.
You worshipped Cheibriados.
Cheibriados was extremely pleased with you.
You were a hulking beast.
You visited 2 branches of the dungeon, and saw 11 of its levels.

You collected 722 gold pieces.
You spent 262 gold pieces at shops.

Inventory:

Hand Weapons
 b - a +3 dagger of venom (weapon)
 z - a +0 long sword of electrocution
Missiles
 e - 7 throwing nets
 m - 31 boomerangs (quivered)
 y - 6 poisoned darts
 I - 6 javelins
Armour
 p - a +1 tower shield (worn)
 F - a +0 pair of boots
Jewellery
 k - a ring of flight
 w - a +6 ring of dexterity (left hand)
 x - an amulet of reflection (around neck)
 M - a ring of willpower (right hand)
Talismans
 c - a flux talisman
 n - a beast talisman (active)
Wands
 v - a wand of roots (15)
 E - a wand of polymorph (15)
 H - a wand of paralysis (11)
 J - a wand of quicksilver (2)
Scrolls
 d - a scroll of torment
 f - 2 scrolls of noise
 g - 5 scrolls of identify
 i - 4 scrolls of amnesia
 o - 2 scrolls of fog
 q - 3 scrolls of vulnerability
 t - 6 scrolls of revelation
 C - 2 scrolls of fear
 D - a scroll of brand weapon
 K - 2 scrolls of enchant armour
Potions
 a - 2 potions of lignification
 h - 4 potions of curing
 j - 3 potions of cancellation {unknown}
 l - 2 potions of heal wounds
 r - a potion of attraction {unknown}
 s - 2 potions of might {unknown}
 u - a potion of ambrosia {unknown}
 B - a potion of resistance
 G - 2 potions of magic {unknown}
 L - a potion of haste {unknown}
 N - a potion of degeneration {unknown}


   Skills:
 * Level 5.8 Fighting
 + Level 4.4 Short Blades
 + Level 0.7 Throwing
 * Level 6.2 Dodging
 + Level 2.5 Stealth
 * Level 8.0 Shields
 * Level 6.8 Unarmed Combat
 * Level 5.2 Spellcasting
 * Level 4.1 Air Magic
 + Level 0.2 Evocations
 * Level 6.0 Shapeshifting


You had 11 spell levels left.
You knew the following spells:

 Your Spells              Type           Power      Damage    Failure   Level
a - Maxwell's Capacitive  Air            14%        ∞         100%        8

Your spell library contained the following spells:

 Spells                   Type           Power      Damage    Failure   Level
 Mercury Vapours          Alch/Air       34%        N/A       17%         2
 Freeze                   Ice            24%        1d4       26%         1
 Slow                     Hex            24%        N/A       26%         1
 Sting                    Conj/Alch      24%        1d4       26%         1
 Confusing Touch          Hex            6%         N/A       63%         3
 Dazzling Flash           Conj/Hex       12%        N/A       63%         3
 Frozen Ramparts          Ice            12%        1d2       63%         3
 Hailstorm                Conj/Ice       6%         3d5       63%         3
 Vampiric Draining        Necr           6%         2d6       63%         3
 Olgreb's Toxic Radiance  Alch           6%         N/A       95%         4
 Starburst                Conj/Fire      3%         6d3       100%        6


Dungeon Overview and Level Annotations

Branches:
Dungeon (10/15)            Temple (1/1) D:4            Lair (0/5) D:9
    Orc (0/2) D:9

Altars:
Ashenzari
Cheibriados
Elyvilon
Fedhas
Gozag
Hepliaklqana
Kikubaaqudgha
Makhleb
Nemelex Xobeh
Okawaru
Qazlal
Ru
Sif Muna
Uskayaw
Vehumet
Wu Jian
Xom
Yredelemnul
The Shining One

Shops:
D:2 [[!(*

Annotations:
D:6 2 transporters
D:10 Snorg


Innate Abilities, Weirdness & Mutations

You are a hulking beast.
Your limbs bulge with bestial killing power. (Slay +3)
You can breathe arcing electricity.
Your glossy black scales are hard. (AC +7)
You cannot fit into any form of body armour.
You are resistant to electric shocks. (rElec)
You are cold-blooded and may be slowed by cold attacks.


Message History

Cheibriados raises the support of your attributes as your movement slows.
Snorg is struck by an electric surge!!
Snorg is moderately wounded.
Your Shields skill increases to level 8!
Unknown command.
Unknown command.
Unknown command.
Aiming: Galvanic Breath
Press: ? - help, Shift-Dir - straight line, f - Snorg
Aim: Snorg (moderately wounded, berserk, 100% to hit)
The arc of electricity hits Snorg!!
Snorg is struck by an electric surge!!
Snorg is heavily wounded.
The orc warrior is struck by an electric surge!!
The orc warrior is almost dead.
Snorg is severely wounded.
You block Snorg's attack. x3
Unknown command.
Unknown command.
Aiming: Quicksilver Bolt
Press: ? - help, Shift-Dir - straight line, f/p - Snorg
Aim: Snorg (severely wounded, berserk, 71% to hit)
The bolt of dispelling energy misses Snorg.
The bolt of dispelling energy hits the orc warrior!
You kill the orc warrior!
Cheibriados appreciates the change of pace.
You block Snorg's attack. x3
Unknown command.
Unknown command.
Unknown command.
Aiming: Quicksilver Bolt
Press: ? - help, Shift-Dir - straight line, f/p - Snorg
Aim: Snorg (severely wounded, berserk, 71% to hit)
The bolt of dispelling energy hits Snorg!
Snorg is severely wounded.
The bolt of dispelling energy hits something!
Snorg bites you!!
* * * LOW HITPOINT WARNING * * *
Snorg claws you!
You die...
Cheibriados appreciates the motionlessness of death.

# ##.######
.#.......#####
..# ##h....#
#o###T#....#
#.#)#.#.....#
#.#.##.###..
#$ß:## # .
#.#$#.#
#.#.#.#.# ..#
# # #.. ...
T#.


You could see Snorg (berserk).

Vanquished Creatures
  A two-headed ogre (D:8)
  Joseph (D:8)
  An elephant (D:9)
  A komodo dragon (D:9)
  3 trolls
  Prince Ribbit (D:7)
  4 yaks (D:9)
  2 wyverns
  2 water moccasins
  9 orc warriors
  2 ice beasts (D:5)
  4 black bears
  A wolf (D:6)
  2 ogres
  4 centaurs
  3 bullfrogs (D:9)
  4 gnoll sergeants
  5 scorpions
  3 wights (D:7)
  A killer bee (D:4)
  An electric eel (D:7)
  2 howler monkeys (D:9)
  A bombardier beetle (D:4)
  5 orc priests
  2 gnoll boudas (D:6)
  3 hounds (D:6)
  A jelly (D:8)
  5 orc wizards
  A sleepcap (D:7)
  4 iguanas
  25 gnolls
  5 adders
  A shadow imp (D:7)
  A white imp (D:6)
  2 ufetubi (D:5)
  4 dart slugs
  24 orcs
  10 ball pythons
  7 endoplasms
  6 giant cockroaches
  11 goblins
  4 hobgoblins
  9 jackals
  8 kobolds
  5 quokkas
  A bat (D:3)
  4 frilled lizards
  7 rats
213 creatures vanquished.

Notes
Turn   | Place    | Note
-------+----------+-------------------------------------------
     0 | D:1      | Morbidden the Draconian Shapeshifter began the quest for
                  | the Orb.
     0 | D:1      | Reached XP level 1. HP: 16/16 MP: 1/1
   200 | D:1      | Reached XP level 2. HP: 23/23 MP: 2/2
   236 | D:1      | Found a faded altar of an unknown god.
   937 | D:2      | Reached skill level 1 in Spellcasting
   937 | D:2      | Reached XP level 3. HP: 24/28 MP: 2/4
   962 | D:2      | Found Bapof's Antique Weapon Shop.
   966 | D:2      | Found Heuhanat's Distillery.
  1082 | D:2      | Found Xekhliom's Antique Armour Emporium.
  1100 | D:2      | Bought a potion of heal wounds for 70 gold pieces
  1129 | D:2      | Found Qaderi's Armour Shop.
  1227 | D:2      | Found a shimmering altar of Xom.
  1236 | D:2      | Found Lyakan's Assorted Antiques.
  1438 | D:3      | Reached XP level 4. HP: 27/36 MP: 5/5
  1764 | D:2      | Bought a large blue amulet for 110 gold pieces
  1999 | D:4      | Reached skill level 1 in Shields
  2150 | D:4      | Reached XP level 5. HP: 41/41 MP: 7/7
  2263 | D:4      | Found a glowing golden altar of the Shining One.
  2296 | D:4      | Reached skill level 1 in Short Blades
  2369 | D:4      | Found a staircase to the Ecumenical Temple.
  2387 | Temple   | Entered the Ecumenical Temple
  2406 | Temple   | Became a worshipper of Cheibriados the Contemplative
  2666 | D:4      | Reached skill level 2 in Shields
  2666 | D:4      | Reached XP level 6. HP: 41/49 MP: 8/8
  2864 | D:2      | Bought a scroll labelled VUTO NEBARA for 22 gold pieces
  2864 | D:2      | Bought a ruby potion for 19 gold pieces
  2864 | D:2      | Bought a ruby potion for 19 gold pieces
  2864 | D:2      | Bought a scroll labelled VEPSIU EMUYPP for 22 gold pieces
  2914 | D:5      | Entered Level 5 of the Dungeon
  3004 | D:5      | Noticed a troll
  3011 | D:5      | Killed a troll
  3012 | D:5      | Reached skill level 3 in Shields
  3012 | D:5      | Your scales start taking on a glossy black colour.
  3012 | D:5      | Reached XP level 7. HP: 57/57 MP: 10/10
  3012 | D:5      | Gained mutation: You are resistant to electric shocks.
                  | (rElec) [Black Draconian growth]
  3033 | D:5      | Found a shimmering blue altar of Sif Muna.
  3086 | D:5      | Reached * piety under Cheibriados
  3455 | D:6      | Found a transporter.
  3477 | D:5      | Reached XP level 8. HP: 63/63 MP: 12/12
  3515 | D:6      | Reached skill level 4 in Shields
  3639 | D:6      | Reached skill level 5 in Unarmed Combat
  3641 | D:6      | Reached skill level 1 in Stealth
  3901 | D:6      | Reached ** piety under Cheibriados
  4095 | D:6      | Found a hazy altar of Hepliaklqana.
  4164 | D:6      | Found a transporter.
  4175 | D:6      | Learned a level 8 spell: Maxwell's Capacitive Coupling
  4320 | D:6      | Reached skill level 5 in Shapeshifting
  4494 | D:6      | Reached skill level 5 in Shields
  4494 | D:6      | Reached XP level 9. HP: 71/71 MP: 14/14
  4644 | D:7      | Reached skill level 1 in Air Magic
  4875 | D:7      | Reached *** piety under Cheibriados
  5124 | D:7      | Noticed Prince Ribbit
  5131 | D:7      | Killed Prince Ribbit
  5132 | D:7      | Reached skill level 5 in Dodging
  5589 | D:8      | Noticed Joseph
  5679 | D:8      | Noticed a two-headed ogre
  5687 | D:8      | Killed a two-headed ogre
  5688 | D:8      | Reached skill level 5 in Fighting
  5688 | D:8      | Reached skill level 6 in Shields
  6369 | D:8      | Killed Joseph
  6370 | D:8      | Reached XP level 10. HP: 20/81 MP: 16/16
  6615 | D:9      | Found a staircase to the Orcish Mines.
  6627 | D:9      | Reached **** piety under Cheibriados
  6687 | D:9      | Noticed an elephant
  6714 | D:9      | Killed an elephant
  6928 | D:9      | Reached skill level 7 in Shields
  7491 | D:9      | Reached skill level 5 in Spellcasting
  7546 | D:9      | Found a staircase to the Lair.
  7862 | D:10     | Entered Level 10 of the Dungeon
  7881 | D:10     | Noticed a fire dragon
  7901 | D:10     | Noticed Snorg
  7906 | D:10     | Reached ***** piety under Cheibriados
  7907 | D:10     | Reached skill level 8 in Shields
  7909 | D:10     | Slain by Snorg

Illustrated notes

Levels and vault maps discovered:
D:1:      dpeg_arrival_long_road, layout_basic,
          ebering_ecumenical_altar_sacrificial, minivault_27,
          minmay_tromino_v4_b
D:2:      layout_rooms, serial_shops, nicolae_shop_tiny_glass,
          nicolae_shop_tiny_real_fake_doors, shop, nicolae_shop_tiny_waterfront,
          nicolae_shop_trees, basic_altar, nicolae_kite_square_tiling_tiny
D:3:      layout_rooms, minmay_misc_feat_hallway, minmay_cut_off
D:4:      minmay_octagon_keep, layout_basic, lemuel_tele_altar, temple_green,
          dreamdust_wishing_well
D:5:      layout_basic, nicolae_sif_muna_condensation
D:6:      gammafunk_cloud_chamber, layout_cave_pools, kennysheep_mini,
          serial_gnoll_camp, gnoll_camp_mini_loothouse, gnoll_camp_medium_01,
          gnoll_camp_mini_basic, gnoll_camp_mini_sergeant, gnoll_camp_mini_hut
D:7:      layout_cave_pods, kennysheep_big_empty_room, uniq_prince_ribbit1
D:8:      layout_basic, uniq_joseph
D:9:      layout_stronghold, grunt_lair_entry_orc_guard_hut, orc_david_3
D:10:     minmay_the_grid_square_5x5_4x4 [minmay_the_grid_square_5x5_gyroscope,
          minmay_the_grid_square_5x5_comb, minmay_the_grid_square_5x5_tie,
          minmay_the_grid_square_5x5_hollow_slash,
          minmay_the_grid_square_5x5_sharp_hourglass,
          minmay_the_grid_square_5x5_prize_monsterx,
          minmay_the_grid_square_5x5_prize_deathbox,
          minmay_the_grid_square_5x5_inset,
          minmay_the_grid_square_5x5_two_walls_a,
          minmay_the_grid_square_5x5_prize_pseudospiral,
          minmay_the_grid_square_5x5_prize_waves,
          minmay_the_grid_square_5x5_minibox,
          minmay_the_grid_square_5x5_moneybag,
          minmay_the_grid_square_5x5_tetrominoes,
          minmay_the_grid_square_5x5_eight_small,
          minmay_the_grid_square_5x5_checkered_statues], layout_loops_ring,
          nicolae_overflow_macrodata_refinement, grunt_ministairs_13,
          minmay_circle_x, uniq_josephine, uniq_urug, uniq_snorg, uniq_grum
Temple:   regret_index_temple_generic_petals

Skill      XL: |  1  2  3  4  5  6  7  8  9 10 |
---------------+-------------------------------+-----
Spellcasting   | 1 2 3 4 5 |  5.2
Dodging        | 2 3 4 5 6 |  6.2
Shields        | 1 2 3 5 6 8 |  8.0
Fighting       | 2 3 4 5 |  5.8
Short Blades   | 1 2 3 4 |  4.4
Unarmed Combat | 4 5 6 |  6.8
Shapeshifting  | 4 5 6 |  6.0
Stealth        | 1 2 |  2.5
Air Magic      | 3 4 |  4.1
Throwing       | |  0.7
Evocations     | |  0.2

Action                     |  1- 3 |  4- 6 |  7- 9 | 10-12 || total
---------------------------+-------+-------+-------+-------++-------
  Melee: Unarmed           |    38 |       |       |       ||    38
         Punch             |     1 |       |       |       ||     1
         Dagger            |    84 |   115 |   264 |   154 ||   617
         Tailslap          |    12 |    25 |    52 |    38 ||   127
  Throw: Dart              |       |       |    11 |       ||    11
         Boomerang         |       |       |     5 |       ||     5
Ability: Galvanic Breath   |       |       |     6 |     5 ||    11
  Evoke: Wand              |       |     3 |       |     2 ||     5
    Use: Potion            |       |     1 |       |       ||     1
         Scroll            |       |     7 |     6 |     4 ||    17
   Stab: Sleeping          |       |     2 |     3 |     5 ||    10
         Held in net/web   |       |       |     1 |       ||     1
 Armour: Skin              |    94 |    51 |    81 |    52 ||   278
  Dodge: Dodged            |    84 |    23 |    45 |    47 ||   199
  Block: Tower shield      |    56 |   135 |   273 |   237 ||   701
         Reflection        |       |     3 |     7 |     6 ||    16

Table legend: (Time is in decaauts)
 A = Elapsed time spent in this place.
 B = Non-inter-level travel time spent in this place.
 C = Inter-level travel time spent in this place.
 D = Time resting spent in this place.
 E = Time spent auto-exploring this place.
 F = Levels seen in this place.
 G = Mean time per level.
                   A        B        C        D        E       F      G
               +--------+--------+--------+--------+--------+-----+--------+
         Total |  10195 |   9614 |    581 |    146 |   7619 |  11 |  926.8 |
       Dungeon |  10153 |   9611 |    542 |    146 |   7619 |  10 | 1015.3 |
        Temple |     41 |      3 |     38 |      0 |      0 |   1 |   41.0 |
               +--------+--------+--------+--------+--------+-----+--------+

Top non-repeatable levels by time:
     D:9: 1915 daAuts
     D:8: 1645 daAuts
     D:6: 1450 daAuts
     D:7: 1314 daAuts
     D:4: 1053 daAuts
     D:1: 922 daAuts
     D:5: 705 daAuts
     D:2: 554 daAuts
     D:3: 523 daAuts
    D:10: 68 daAuts
  Temple: 41 daAuts
